 Dungeon Crawl Stone Soup version 0.31.0-9-g3a7656b989 (webtiles) character file.

Game seed: 11538395084187477150

37 qw the Shooter (level 3, -17/18 HPs)
             Began as a Spriggan Hunter on Feb 2, 2024.
             Demolished by an ogre
             ... wielding a +0 giant club
              (35 damage)
             ... on level 2 of the Dungeon.
             The game lasted 00:00:02 (557 turns).

qw the Shooter (Spriggan Hunter)                     Turns: 557, Time: 00:00:02

Health: -17/18     AC:  2    Str:  7    XL:     3   Next: 21%
Magic:  4/4        EV: 19    Int: 10    God:
Gold:   96         SH:  0    Dex: 20    Spells: 2/2 levels left

rFire   . . .        a - +0 shortbow
rCold   . . .        (shield currently unavailable)
rNeg    . . .        c - +0 robe
rPois   .            (helmet restricted)
rElec   .            (no cloak)
rCorr   .            (gloves unavailable)
SInv    +            (boots unavailable)
Will    .....        (no amulet)
Stlth   ++           (no ring)
HPRegen 0.23/turn    (no ring)
MPRegen 0.09/turn

%: no passive effects
@: very quick
A: very small, no large weapons, unfitting armour, see invisible, speed 3
a: no special abilities


You were on level 2 of the Dungeon.
You visited 1 branch of the dungeon, and saw 2 of its levels.

You collected 96 gold pieces.


Innate Abilities, Weirdness & Mutations

You are very small and have problems with some larger weapons.
You are too small for most types of armour.
You have supernaturally acute eyesight. (SInv)
You cover ground extremely quickly. (Speed+++)


   Skills:
 - Level 1.5 Fighting
 + Level 4.5 Ranged Weapons
 - Level 4.0 Dodging
 - Level 1.5 Stealth


You had 2 spell levels left.
You didn't know any spells.
Your spell library was empty.

Inventory:

Hand Weapons
 a - a +0 shortbow (weapon)
Armour
 c - a +0 robe (worn)
Potions
 b - a potion of curing {unknown}
 d - a potion of mutation {unknown}

Dungeon Overview and Level Annotations

Branches:
Dungeon (2/15)

Altars:


Message History

Increase (S)trength, (I)ntelligence, or (D)exterity?
You feel agile. x2
You see here 8 stones.
A bat comes into view.
You shoot an arrow. The arrow hits the bat!
You kill the bat!
Found a stone staircase leading down.
b - a fizzy clear potion
Found a stone staircase leading up.
Enter note: An ogre comes into view. It is wielding a +0 giant club.
You shoot an arrow.
The arrow hits the ogre but does no damage.
The ogre shouts!
You hear a bark!
A jackal comes into view. x2
You shoot an arrow. The jackal barks!
The arrow hits the ogre.
The ogre is lightly wounded.
You shoot an arrow. The arrow barely misses the ogre.
The arrow hits the jackal but does no damage.
A jackal comes into view.
You shoot an arrow. The arrow barely misses the ogre.
The jackal barks!
A jackal comes into view.
You shoot an arrow. The jackal barks!
The arrow hits the ogre but does no damage.
The ogre is lightly wounded.
The jackal misses you.
You shoot an arrow.
The arrow hits the ogre but does no damage.
The ogre is lightly wounded.
The jackal misses you.
You shoot an arrow. The arrow hits the ogre.
The ogre is lightly wounded.
The ogre hits you with a +0 giant club!!
Ouch! That really hurt!
You die...

...............##
................
.#.###..##....# .#(#
##..#....# .#.#
##.#....#
.#'#####......######
#.......###........#
........# #.#...##.###<#
#.......# #.....@Oh.h...
.................hh.....
###########.#.#.........
# #.#........>.. #
#.#.####.##...
###########.#.#. .# ..
#............... .# .
#.######.##.###. .#
#.######.##.#


You could see an ogre and 4 jackals.

Vanquished Creatures
  An adder (D:2)
  A dart slug (D:1)
  2 bats
  3 endoplasms (D:1)
  A giant cockroach (D:1)
  3 goblins (D:1)
  4 hobgoblins (D:1)
  2 kobolds (D:1)
  2 quokkas (D:1)
  2 rats (D:1)
21 creatures vanquished.

Notes
Turn   | Place    | Note
-------+----------+-------------------------------------------
     0 | D:1      | qw the Spriggan Hunter began the quest for the Orb.
     0 | D:1      | Reached XP level 1. HP: 10/10 MP: 2/2
     0 | D:1      | 0 ||| qw: Version: 0.3-a-155-g5e7d8dd
     0 | D:1      | 0 ||| qw: Game counter: 1196
     0 | D:1      | 0 ||| qw: Melee chars always use a shield: true
     0 | D:1      | 0 ||| qw: God list: Okawaru
     0 | D:1      | 0 ||| qw: Allow faded altars: false
     0 | D:1      | 0 ||| qw: Do Orc after clearing Dungeon:15 true
     0 | D:1      | 0 ||| qw: Do second Lair branch before Depths: true
     0 | D:1      | 0 ||| qw: Lair rune preference: random
     0 | D:1      | 0 ||| qw: Goals: Normal
     0 | D:1      | 0 ||| PLANNING D:1-11
    37 | D:1      | Reached skill level 3 in Dodging
    76 | D:1      | Reached XP level 2. HP: 14/14 MP: 3/3
   435 | D:1      | 435 ||| READING scroll labelled MYAMUA WITWOAH.
   436 | D:1      | 436 ||| DROPPING scroll of butterflies.
   525 | D:2      | Reached XP level 3. HP: 18/18 MP: 4/4
   550 | D:2      | Noticed an ogre
   557 | D:2      | Demolished by an ogre

Levels and vault maps discovered:
D:1:      dpeg_arrival_pits, layout_basic
D:2:      layout_basic

Skill      XL: |  1  2 |
---------------+-------+-----
Dodging        | 3 4 |  4.0
Fighting       | |  1.5
Ranged Weapons | |  4.5
Stealth        | |  1.5

Action                     || total
---------------------------++-------
   Fire: Shortbow          ||    67
    Use: Scroll            ||     1
 Armour: Robe              ||     5
  Dodge: Dodged            ||    10

Table legend:
 A = Non-vault XP
 B = Vault XP
 C = Vault XP percentage of total XP
 D = Non-vault monster count
 E = Vault monster count
 F = Vault count percentage of total count
                 A         B        C        D         E       F
            +---------+---------+-------+---------+---------+-------
      Total |      53 |       0 |   0.0 |      21 |       0 |   0.0
            +---------+---------+-------+---------+---------+-------
        D:1 |      37 |       0 |   0.0 |      19 |       0 |   0.0
        D:2 |      16 |       0 |   0.0 |       2 |       0 |   0.0
            +---------+---------+-------+---------+---------+-------
